 Dungeon Crawl Stone Soup version bcrawl-1.21.3-2-g9d8a61a446 (webtiles) character file.

Game seed: 5660409417738495016

46336 Dyss the Devastator (level 14, -2/92 HPs)
             Began as a Fairy Conjurer on Apr 26, 2020.
             Was a High Priest of Vehumet.
             Slain by a skeletal warrior
             ... wielding a +0 halberd
             ... led by a skeletal warrior
              (28 damage)
             ... on level 11 of the Dungeon.
             The game lasted 00:24:49 (18284 turns).

Dyss the Devastator (Fairy Conjurer)               Turns: 18284, Time: 00:24:50

Health: -2/92      AC: 13    Str:  6    XL:     14   Next: 37%
Magic:  15/32      EV: 24    Int: 29    God:    Vehumet [*****.]
Gold:   708        SH:  7    Dex: 14    Spells: 25/37 levels left

rFire    . . .     SeeInvis .   L - +2 broad axe "Qotic" {drain, rElec rC+ MR+ Int+2}
rCold    + . .     Gourm    .   (shield currently unavailable)
rNeg     + . .     Faith    .   (armour unavailable)
rPois    .         Spirit   .   o - +2 hat
rElec    +         Reflect  .   F - +3 cloak "Tebaos" {Int+4}
rCorr    .         Harm     .   (no gloves)
MR       +++..                  (no boots)
Stlth    +.........             (no amulet)
HPRegen  0.25/turn              u - ring of positive energy
MPRegen  0.23/turn              p - ring of protection from magic

@: flying evasively
A: small, magic attunement, unstealthy, unfitting armour, able to fly, AC/SH +7
a: Stop Flying, Renounce Religion


You were on level 11 of the Dungeon.
You worshipped Vehumet.
Vehumet was extremely pleased with you.
You were not hungry.

You visited 3 branches of the dungeon, and saw 18 of its levels.

You collected 1607 gold pieces.
You spent 899 gold pieces at shops.

Inventory:

Hand Weapons
 L - the +2 broad axe "Qotic" (weapon) {drain, rElec rC+ MR+ Int+2}
   (You bought it in a shop on level 8 of the Dungeon)

   A truly terrible weapon, it drains the life of those it strikes.
   It affects your intelligence (+2).
   It protects you from cold.
   It insulates you from electricity.
   It affects your resistance to hostile enchantments.
Missiles
 l - 5 throwing nets (quivered) {!f}
Armour
 o - a +2 hat (worn)
 z - a -1 pair of gloves
 F - the +3 cloak "Tebaos" (worn) {Int+4}
   (You found it on level 2 of the Lair of Beasts)

   It affects your intelligence (+4).
 I - the +2 pair of gloves "Hiethypn" {Int-3 Dex+4}
   (You bought it in a shop on level 10 of the Dungeon)

   It affects your intelligence (-3).
   It affects your dexterity (+4).
Jewellery
 j - an uncursed ring of stealth
 p - a ring of protection from magic (right hand)
 u - a ring of positive energy (left hand)
 G - an uncursed ring of protection from magic
 O - a +2 ring of intelligence
 Q - an uncursed ring of protection from cold
Wands
 n - a wand of acid (9)
 B - a wand of digging (4)
 C - a wand of random effects (46)
 E - a wand of flame (47)
 H - a wand of paralysis (14)
 M - a wand of iceblast (16)
 T - a wand of scattershot (5)
Scrolls
 c - 3 scrolls of fear {unknown}
 d - 8 scrolls of teleportation {unknown}
 g - 3 scrolls of magic mapping {unknown}
 h - 7 scrolls of enchant weapon
 i - 5 scrolls of identify
 k - 2 scrolls of blinking {unknown}
 m - 6 scrolls of remove curse
 q - 4 scrolls of fog {unknown}
 r - 4 scrolls of amnesia {unknown}
 s - 3 scrolls of enchant armour {unknown}
 w - 2 scrolls of torment
 y - 2 scrolls of immolation
 P - 2 scrolls of noise {unknown}
 R - a scroll of vulnerability {unknown}
Potions
 a - 7 potions of heal wounds {unknown}
 b - 3 potions of magic
 f - 6 potions of curing {unknown}
 t - 2 potions of berserk rage {unknown}
 v - 3 potions of flight {unknown}
 x - 3 potions of might {unknown}
 A - 6 potions of degeneration {unknown}
 D - 3 potions of invisibility {unknown}
 J - 4 potions of mutation {unknown}
 K - a potion of resistance {unknown}
 N - a potion of cancellation {unknown}
 U - a potion of brilliance {unknown}
Miscellaneous
 S - a lightning rod (4/4)
Comestibles
 e - 34 rations {!d}


   Skills:
 + Level 7.0 Fighting
 + Level 10.8 Dodging
 - Level 1.5 Stealth
 + Level 12.4 Spellcasting
 * Level 19.7 Conjurations
 + Level 2.0 Charms
 + Level 2.0 Necromancy
 + Level 7.7 Transmutations


You had 25 spell levels left.
You knew the following spells:

 Your Spells              Type           Power        Failure   Level  Hunger
a - Magic Dart            Conj           ####         0%          1    None
b - Iskenderun's Mystic   Conj           #######.     0%          3    None
c - Irradiate             Conj/Tmut      #######...   1%          5    None
d - Regeneration          Chrm/Necr      ####......   3%          3    None

Your spell library contained the following spells:

 Spells                   Type           Power        Failure   Level  Hunger
 Spellforged Servitor     Conj/Summ      ######....   12%         7    None
 Searing Ray              Conj           #######.     0%          2    None
 Animate Skeleton         Necr           N/A          1%          1    None
 Flame Tongue             Conj/Fire      #####        1%          1    None
 Pain                     Necr           ####..       1%          1    None
 Shock                    Conj/Air       #####        1%          1    None
 Fulminant Prism          Conj/Hex       ######....   1%          4    None
 Bolt of Draining         Conj/Necr      ######....   1%          5    None
 Lightning Bolt           Conj/Air       ######....   1%          5    None
 Iron Shot                Conj/Erth      ######....   2%          6    None
 Vampiric Draining        Necr           ####......   3%          3    None
 Animate Dead             Necr           N/A          13%         4    None
 Monstrous Menagerie      Summ           ###.......   100%        7    None


Dungeon Overview and Level Annotations

Branches:
Dungeon (11/12)            Temple (1/1) D:4            Lair (6/6) D:8
 Shoals (0/3) Lair:3       Spider (0/3) Lair:2        Slime (0/5) Lair:6
    Orc (0/1) D:8
 Vaults: D:11-12

Altars:
Ashenzari
Cheibriados
Dithmenos
Elyvilon
Fedhas
Gozag
Hepliaklqana
Kikubaaqudgha
Lugonu
Makhleb
Nemelex Xobeh
Okawaru
Qazlal
Ru
Sif Muna
Trog
Uskayaw
Vehumet
Wu Jian
Xom
Yredelemnul
Zin
The Shining One
Jiyva

Shops:
D:8 ([   D:10 [

Annotations:
D:3 2 transporters, janekpiasek's ghost, amateur OpTm
Lair:4 3 runed translucent doors, Raneoc's ghost, journeyman MiFi


Innate Abilities, Weirdness & Mutations

Your spells do not cause hunger and MP costs are reduced by 1.
Your bright wings attract enemies. (Stealth-)
You cannot fit into any form of body armour.
Your shimmering scales are hard and can block incoming attacks. (AC +7, SH +7)
You are small and have problems with some larger weapons.
You can fly continuously.


Message History

Press: ? - help, Shift-Dir - straight line, f - skeletal warrior
Aim: a skeletal warrior, wielding a +0 short sword (heavily damaged)
The orb of energy hits the skeletal warrior!!
You destroy the skeletal warrior!
Vehumet accepts your kill.
You feel your power returning.
Your Charms skill increases to level 2!
Your Necromancy skill increases to level 2!
The orb of energy explodes!
The mystic blast hits the skeletal warrior!!
The skeletal warrior is severely damaged.
Casting: Iskenderun's Mystic Blast (safe; 0% risk of failure)
Confirm with . or Enter, or press ? or * to list all spells.
Aiming: Iskenderun's Mystic Blast (safe; 0% risk of failure)
Press: ? - help, Shift-Dir - straight line, f - skeletal warrior
Aim: a skeletal warrior, wielding a +0 halberd (severely damaged)
The orb of energy hits the skeletal warrior.
The skeletal warrior is severely damaged.
The skeletal warrior hits you from afar with a +0 halberd!!
You die...

..#..#.....# #...#.......##..
.....#...####... #...##......##..
####'#...####^.. #...###'######..
.............^.. ....#........#..
.....................#........###
.....................#.###....#..
................######.###....#..
####.....####...#...))........'..
.###.....####..)@.....).......#..
.#.............)#.#...#########..
.#.............z#.#...'......##..
.#............>.#.....#......####
.#..............#.....#......#...
.##'#...##.##...#.....#......#...
†...#^..##.##...#.....#......#.##
#)..#...# ....#...#.#......#...
#...+...# #>..#.#......#...


You could see a skeletal warrior.

Vanquished Creatures
  A dire elephant (Lair:6)
  Snorg (D:11)
  5 hydras
  A centaur warrior (D:11)
  A catoblepas (Lair:6)
  3 two-headed ogres
  The ghost of mat the Thaumaturge, a journeyman SpVM of Sif Muna (Lair:3)
  4 skeletal warriors (D:11)
  A spectral catoblepas (Lair:3)
  2 lindwurms (Lair:6)
  A cyclops (D:11)
  2 ugly things
  A wolf spider (Lair:5)
  5 oklob plants (Lair:6)
  2 manticores (Lair:6)
  2 slime creatures (D:10)
  3 black mambas (Lair:6)
  A merfolk siren (Lair:3)
  Joseph (D:8)
  A torpor snail (Lair:6)
  Maurice (D:11)
  13 cane toads
  5 komodo dragons
  2 rime drakes (Lair:6)
  A queen bee (Lair:2)
  A jumping spider (Lair:2)
  A hornet (D:10)
  2 polar bears
  12 blink frogs
  14 dream sheep (Lair:5)
  2 spectral black mambas (Lair:3)
  10 hippogriffs
  A shadow (D:11)
  20 yaks
  A wraith (D:11)
  2 wyverns
  Eustachio (D:5)
  3 basilisks
  A hungry ghost (D:8)
  A steam dragon (D:7)
  Menkaure (D:5)
  A vampire mosquito (D:8)
  2 soldier ants
  2 acid dragons
  2 crocodiles
  17 porcupines
  11 water moccasins
  5 orc warriors
  A sky beast (D:5)
  3 black bears
  2 ice beasts
  A necrophage (D:11)
  4 ogres
  3 phantoms
  7 centaurs
  A big kobold (D:8)
  A gnoll sergeant (D:8)
  14 bullfrogs
  A wyvern zombie (D:9)
  2 cane toad simulacra (Lair:3)
  3 scorpions
  14 killer bees (Lair:2)
  2 vampire bats (Lair:1)
  A howler monkey (D:5)
  2 bullfrog zombies (D:6)
  4 crimson imps
  3 centaur skeletons
  A jelly (D:8)
  A komodo dragon simulacrum (Lair:3)
  6 hounds
  4 orc priests
  7 orc wizards
  2 bullfrog skeletons
  Jessica (D:2)
  2 iguanas (D:5)
  A hell rat (Lair:6)
  3 worker ants
  A hound zombie (D:5)
  2 hound skeletons
  6 gnolls
  12 adders
  A shadow imp (D:11)
  4 adder zombies
  An adder skeleton (D:7)
  4 worms
  5 dart slugs
  4 leopard geckos
  49 orcs
  3 giant cockroaches
  8 goblins
  6 hobgoblins
  17 jackals
  11 kobolds
  A quokka (D:4)
  A ball python (D:3)
  11 bats
  A jackal skeleton (D:4)
  8 rats
  4 fungi
  A plant (D:8)
432 creatures vanquished.

Vanquished Creatures (others)
  8 fungi
  3 plants (D:8)
11 creatures vanquished.

Grand Total: 443 creatures vanquished

Notes
Turn   | Place    | Note
-------+----------+-------------------------------------------
     0 | D:1      | Dyss the Fairy Conjurer began the quest for the Orb.
     0 | D:1      | Reached XP level 1. HP: 11/11 MP: 6/6
    22 | D:1      | Reached skill level 5 in Conjurations
    83 | D:1      | Reached XP level 2. HP: 17/17 MP: 7/7
    90 | D:1      | Found a shimmering altar of Xom.
   272 | D:1      | Reached XP level 3. HP: 21/21 MP: 9/9
   277 | D:1      | Learned a level 3 spell: Iskenderun's Mystic Blast
   341 | D:1      | Reached skill level 6 in Conjurations
   767 | D:2      | Reached XP level 4. HP: 27/27 MP: 10/10
   792 | D:2      | Noticed Jessica
   794 | D:2      | Killed Jessica
   794 | D:2      | Reached skill level 7 in Conjurations
  1276 | D:3      | Reached XP level 5. HP: 31/31 MP: 11/11
  1292 | D:3      | Found a blossoming altar of Fedhas.
  1359 | D:3      | Found a transporter.
  1359 | D:3      | Noticed an ogre
  1359 | D:3      | Noticed janekpiasek's ghost (amateur OpTm)
  1360 | D:3      | Found a transporter.
  1360 | D:3      | Noticed an ogre
  1759 | D:3      | Noticed a phantom
  1763 | D:3      | Killed a phantom
  1763 | D:3      | Reached skill level 8 in Conjurations
  1763 | D:3      | Reached XP level 6. HP: 36/36 MP: 1/12
  1927 | D:3      | Reached skill level 9 in Conjurations
  2493 | D:4      | Reached XP level 7. HP: 41/41 MP: 4/13
  2908 | D:4      | Reached skill level 10 in Conjurations
  3129 | D:4      | Found a staircase to the Ecumenical Temple.
  3162 | Temple   | Entered the Ecumenical Temple
  3340 | Temple   | Became a worshipper of Vehumet
  3815 | D:5      | Entered Level 5 of the Dungeon
  3941 | D:5      | Reached skill level 11 in Conjurations
  4016 | D:5      | Reached XP level 8. HP: 46/46 MP: 8/14
  4238 | D:5      | Noticed Eustachio
  4238 | D:5      | Noticed Menkaure
  4240 | D:5      | Killed Menkaure
  4240 | D:5      | Reached skill level 12 in Conjurations
  4249 | D:5      | Killed Eustachio
  4440 | D:5      | Reached * piety under Vehumet
  4440 | D:5      | Offered knowledge of Shock by Vehumet.
  4447 | D:5      | Learned a level 5 spell: Irradiate
  4564 | D:5      | Found a glowing silver altar of Zin.
  4981 | D:6      | Reached skill level 13 in Conjurations
  5059 | D:6      | Reached XP level 9. HP: 51/51 MP: 12/18
  5145 | D:6      | Reached skill level 5 in Spellcasting
  5624 | D:6      | Found a shattered altar of Ashenzari.
  5786 | D:7      | Noticed a two-headed ogre
  5789 | D:7      | Killed a two-headed ogre
  5789 | D:7      | Reached skill level 14 in Conjurations
  5959 | D:7      | Reached ** piety under Vehumet
  6048 | D:7      | Offered knowledge of Freeze by Vehumet.
  6320 | D:7      | Reached XP level 10. HP: 56/56 MP: 12/22
  6473 | D:8      | Reached skill level 15 in Conjurations
  6543 | D:8      | Noticed Joseph
  6554 | D:8      | Killed Joseph
  6916 | D:8      | Found a staircase to the Lair.
  6920 | D:8      | Identified Sif Muna's Disquisition on the Hurtful Entourage
  6987 | D:8      | Offered knowledge of Conjure Flame by Vehumet.
  7272 | D:8      | Found Woseefe's Armour Shoppe.
  7272 | D:8      | Found a staircase to the Orcish Mines.
  7274 | D:8      | Reached *** piety under Vehumet
  7307 | D:8      | Found Puzen's Weapon Shoppe.
  7360 | D:8      | Noticed a white ugly thing
  7363 | D:8      | Killed a white ugly thing
  7363 | D:8      | Reached skill level 16 in Conjurations
  7889 | D:9      | Offered knowledge of Olgreb's Toxic Radiance by Vehumet.
  8215 | D:9      | Found a bloodstained altar of Trog.
  8355 | D:9      | Noticed a two-headed ogre
  8359 | D:9      | Killed a two-headed ogre
  8359 | D:9      | Reached skill level 1 in Fighting
  8359 | D:9      | Reached skill level 1 in Transmutations
  8359 | D:9      | Reached XP level 11. HP: 63/63 MP: 22/26
  8582 | D:10     | Entered Level 10 of the Dungeon
  8704 | D:10     | Found Gemonor's Antique Armour Boutique.
  8704 | D:10     | Noticed a two-headed ogre
  8705 | D:10     | Noticed a five-headed hydra
  8712 | D:10     | Killed a five-headed hydra
  8714 | D:10     | Killed a two-headed ogre
  8714 | D:10     | Reached skill level 5 in Dodging
  8773 | D:10     | Bought a pair of jewelled gloves for 275 gold pieces
  8784 | D:10     | Identified the +2 pair of gloves "Hiethypn" {Int-3 Dex+4}
                  | (You bought it in a shop on level 10 of the Dungeon)
  9287 | D:10     | Noticed a brown ugly thing
  9293 | D:10     | Killed a brown ugly thing
  9426 | D:10     | Reached **** piety under Vehumet
  9426 | D:10     | Reached skill level 17 in Conjurations
  9577 | D:10     | Offered knowledge of Lee's Rapid Deconstruction by Vehumet.
  9918 | Lair:1   | Entered Level 1 of the Lair of Beasts
 10296 | Lair:1   | Reached skill level 10 in Spellcasting
 10908 | D:8      | Bought the +2 broad axe "Qotic" {drain, rElec rC+ MR+
                  | Int+2} for 624 gold pieces
 11018 | Lair:2   | Got a jewelled cloak
 11088 | Lair:2   | Found a hole to the Spider Nest.
 11096 | Lair:2   | Reached XP level 12. HP: 73/73 MP: 19/28
 11848 | Lair:3   | Found a runed translucent gate.
 11848 | Lair:3   | Found a runed translucent gate.
 11848 | Lair:3   | Found a runed translucent gate.
 11853 | Lair:3   | Noticed mat's ghost (journeyman SpVM)
 11889 | Lair:3   | Killed mat's ghost
 12387 | Lair:3   | Reached skill level 18 in Conjurations
 12389 | Lair:3   | Reached skill level 5 in Transmutations
 12490 | Lair:3   | Reached ***** piety under Vehumet
 12751 | Lair:3   | Noticed a five-headed hydra
 12755 | Lair:3   | Killed a five-headed hydra
 12755 | Lair:3   | Offered knowledge of Icicle Burst by Vehumet.
 12769 | Lair:3   | Identified the +3 cloak "Tebaos" {Int+4} (You found it on
                  | level 2 of the Lair of Beasts)
 13028 | Lair:3   | Reached skill level 5 in Fighting
 13210 | Lair:3   | Found a staircase to the Shoals.
 13546 | Lair:4   | Noticed an eight-headed hydra
 13550 | Lair:4   | Killed an eight-headed hydra
 13642 | Lair:4   | Found a runed translucent gate.
 13643 | Lair:4   | Found a runed translucent gate.
 13644 | Lair:4   | Found a runed translucent gate.
 13644 | Lair:4   | Noticed Raneoc's ghost (journeyman MiFi)
 13645 | Lair:4   | Noticed an eight-headed hydra
 13716 | Lair:4   | Reached XP level 13. HP: 81/81 MP: 28/30
 15363 | Lair:6   | Entered Level 6 of the Lair of Beasts
 15504 | Lair:6   | Found a viscous altar of Jiyva.
 15504 | Lair:6   | Found a staircase to the Slime Pits.
 15739 | Lair:6   | Reached skill level 19 in Conjurations
 16674 | Lair:6   | Reached skill level 10 in Dodging
 16704 | Lair:6   | Noticed a dire elephant
 16712 | Lair:6   | Killed a dire elephant
 16952 | Lair:6   | Reached XP level 14. HP: 90/90 MP: 21/32
 17315 | D:8      | Learned a level 3 spell: Regeneration
 17609 | D:11     | Reached skill level 1 in Charms
 17697 | D:11     | Noticed Snorg
 17702 | D:11     | Killed Snorg
 17702 | D:11     | Reached skill level 1 in Necromancy
 17742 | D:11     | Noticed Maurice
 17748 | D:11     | Killed Maurice
 17877 | D:11     | Offered knowledge of Spellforged Servitor by Vehumet.
 18284 | D:11     | Slain by a skeletal warrior

Skill      XL: |  1  2  3  4  5  6  7  8  9 10 11 12 13 14 |
---------------+-------------------------------------------+-----
Conjurations   | 5 6 7 8 9 11 13 14 16 17 18 19 | 19.7
Spellcasting   | 4 7 9 10 11 12 | 12.4
Dodging        | 3 4 6 8 10 | 10.8
Fighting       | 1 3 5 6 7 |  7.0
Transmutations | 1 3 5 7 |  7.7
Charms         | 2 |  2.0
Necromancy     | 2 |  2.0
Stealth        | |  1.5

Action                   |  1- 3 |  4- 6 |  7- 9 | 10-12 | 13-15 || total
-------------------------+-------+-------+-------+-------+-------++-------
Melee: Broad axe         |       |       |       |     9 |     4 ||    13
 Cast: Magic Dart        |    71 |    48 |    86 |    51 |       ||   256
       Iskenderun's Myst |     1 |    30 |    96 |   286 |   224 ||   637
       Regeneration      |       |       |       |       |     1 ||     1
  Use: Scroll            |       |       |     4 |     4 |       ||     8
  Eat: Chunk             |       |     5 |     4 |    18 |    11 ||    38
       Ration            |       |       |     2 |     1 |     1 ||     4
Armor: Skin              |     1 |     1 |     2 |     6 |     4 ||    14
Dodge: Dodged            |     9 |     9 |    27 |    40 |    39 ||   124
Block: Other             |     2 |     5 |    11 |    21 |    15 ||    54
